cohdb
Replays
Latest Replays
All Replays
Popular Replays
Top Player Replays
Match Explorer
How It Works
Community
CoH3 Stats
Reddit
Sign in to upload your games and track your stats! →
Sign in with Steam
Match 27498977
Unlisted
Match 27498977
Overview
Messages
Build Orders
End
Construct Weapon Support Center
Selects Airborne Battlegroup
Selects Heavy Machine Gun Paradrop
Selects Heavy Machine Gun Paradrop
Heavy Machine Gun Paradrop
Bazooka Squad
Heavy Machine Gun Paradrop
Construct Medical Station
Selects Paratrooper Squad Paradrop
Selects Paratrooper Squad Paradrop
Paratrooper Squad Paradrop
Paratrooper Squad Paradrop
Paratrooper Squad Paradrop
Selects Recon Loiter
Infantry Support Center
Construct Motor Pool
Selects Supply Drop
M8 Greyhound Armored Car
Selects Dual P-47 Rocket Strike
it's mario
Sasa Lele
weishen2010
MMMMMMMMMMMM
Negrete
Serier13
0
0
Comments
sign in to comment!
No comments posted yet!